 Dungeon Crawl Stone Soup version 0.27-a0-1060-gcb85b5eba1 (webtiles) character file.

Game seed: 1620820887454517362

991 rageheart7 the Skirmisher (level 8, -3/61 HPs)
             Began as a Djinni Gladiator on Apr 21, 2021.
             Was an Initiate of Makhleb.
             Slain by a bullfrog (8 damage)
             ... on level 5 of the Dungeon.
             The game lasted 00:07:57 (7329 turns).

rageheart7 the Skirmisher (Djinni Gladiator)        Turns: 7329, Time: 00:07:57

Health: -3/61      AC:  5    Str: 13    XL:     8   Next: 18%
Gold:   230        EV: 12    Int: 13    God:    Makhleb [......] SH:  0 Dex: 14

rFire    + + .     SeeInvis .   a - +1 quarterstaff (vorpal)
rCold    x . .     Faith    .   (shield currently unavailable)
rNeg     . . .     Spirit   .   b - +0 leather armour
rPois    ∞         Reflect  .   c - +1 helmet
rElec    .         Harm     .   k - scarf {+Inv}
rCorr    +         Rampage  .   (no gloves)
Will     .....                  (boots unavailable)
Stlth    +.........             (no amulet)
HPRegen  0.20/turn              j - ring of resist corrosion
MPRegen  0.00/turn              (no ring)

@: unable to read, flying
A: fire resistance 2, cold vulnerability 1, float, innate caster, hp casting,
extra vitality 1, inability to read while threatened
a: Renounce Religion, Evoke Invisibility


You were on level 5 of the Dungeon.
You worshipped Makhleb.
Makhleb was noncommittal.
You visited 1 branch of the dungeon, and saw 6 of its levels.

You collected 230 gold pieces.

Inventory:

Hand Weapons
 a - a +1 vorpal quarterstaff (weapon)
Missiles
 d - 3 throwing nets (quivered)
 h - 7 curare-tipped darts
Armour
 b - a +0 leather armour (worn)
 c - a +1 helmet (worn)
 k - a scarf of invisibility (worn)
Magical Staves
 o - a staff of poison
Jewellery
 j - a ring of resist corrosion (left hand)
Wands
 n - a wand of charming (10)
Scrolls
 e - a scroll of teleportation
 r - a scroll of enchant weapon
Potions
 f - a potion of magic
 l - 2 potions of invisibility
 m - a potion of brilliance


   Skills:
 * Level 6.1 Fighting
 * Level 6.0 Staves
 - Level 1.5 Throwing
 - Level 3.2 Dodging
 + Level 3.1 Spellcasting


You had 7 spell levels left.
You knew the following spells:

 Your Spells              Type           Power      Damage    Failure   Level
a - Animate Skeleton      Necr           20%        N/A       8%          1
b - Poisonous Vapours     Pois/Air       20%        N/A       12%         2
c - Confusing Touch       Hex            10%        N/A       24%         3
Your spell library was empty.

Dungeon Overview and Level Annotations

Branches:
Dungeon (6/15)             Temple (0/1) D:4

Altars:
Dithmenos
Elyvilon
Makhleb
Ru
Sif Muna
Vehumet
Xom

Shops:
D:5 *

Annotations:
D:5 1 runed translucent door, Zeld's ghost, novice OpCj


Innate Abilities, Weirdness & Mutations

You are immune to poison.
Your flesh is very heat resistant. (rF++)
You are vulnerable to cold. (rC-)
You float through the air rather than walking.
You learn spells naturally, not from books.
Your magical power is your life essence.
You have superior vitality. (+4 HP)
You sometimes lose the ability to read scrolls when taking damage.


Message History

The bullfrog hits you!
You feel threatened and lose the ability to read scrolls!
The bullfrog hits you.
The orc priest calls down the wrath of Beogh upon you.
Beogh smites you!
* * * LOW HITPOINT WARNING * * *
The bullfrog hits you but does no damage.
The bullfrog barely misses you. The bullfrog closely misses you.
There is a stone staircase leading up here.
The bullfrog hits you.
* * * LOW HITPOINT WARNING * * *
You fly upwards.
Level annotation: 1 runed translucent door, Zeld's ghost, novice OpCj
There is a stone staircase leading down here.
You feel better. The bullfrog hits you.
* * * LOW HITPOINT WARNING * * *
The bullfrog hits you.
* * * LOW HITPOINT WARNING * * *
You feel better. The bullfrog hits you.
* * * LOW HITPOINT WARNING * * *
You barely miss the bullfrog. The bullfrog hits you.
* * * LOW HITPOINT WARNING * * *
The bullfrog closely misses you.
You sock the bullfrog!
The bullfrog is heavily wounded.
The bullfrog hits you but does no damage.
You barely miss the bullfrog.
The bullfrog is heavily wounded.
The bullfrog hits you.
* * * LOW HITPOINT WARNING * * *
The bullfrog hits you.
* * * LOW HITPOINT WARNING * * *
You hit the bullfrog.
The bullfrog is severely wounded.
The bullfrog barely misses you.
You completely miss the bullfrog.
The bullfrog is severely wounded.
The bullfrog misses you. The bullfrog hits you!
You die...

#8)+...## ###....# #..#
#P.#....######..##..## #..#
#######..........####..# ##.##
##..# #..######..# ##.## ##..#.
#..## #..# #..# #..###..##. ...#
#..# #..# ##..#...#.. ..## #..#
#..#####.....###.. .##
##..######.F..#.....###....
..#####.[...##..@##.....###......
...##...........#####.###_.....8#
...............## #...###......
....###........### ##....###....
....# ###........#####......###..
...## ###........##........##..
...## #....####...........###.
....######....# #..........## #.
.....##.......####..........#####


You could see a bullfrog.

Vanquished Creatures
  Sigmund (D:5)
  3 black bears
  A phantom (D:6)
  A scorpion (D:4)
  A hound (D:4)
  3 orc priests
  A bullfrog zombie (D:6)
  An iguana (D:6)
  A centaur skeleton (D:5)
  2 orc wizards (D:5)
  A hound skeleton (D:4)
  3 gnolls (D:2)
  5 adders
  A shadow imp (D:5)
  2 worms (D:2)
  A dart slug (D:1)
  8 orcs
  4 endoplasms
  4 giant cockroaches
  3 goblins
  4 hobgoblins
  9 jackals
  8 ball pythons
  4 bats
  A frilled lizard (D:1)
  A quokka skeleton (D:4)
  6 rats
80 creatures vanquished.

Vanquished Creatures (others)
  5 plants (D:4)
  2 withered plants (D:5)
7 creatures vanquished.

Grand Total: 87 creatures vanquished

Notes
Turn   | Place    | Note
-------+----------+-------------------------------------------
     0 | D:1      | rageheart7 the Djinni Gladiator began the quest for the
                  | Orb.
     0 | D:1      | Reached XP level 1. HP: 18/18 MP: 0/0
   504 | D:1      | Reached XP level 2. HP: 23/23 MP: 0/0
  1599 | D:2      | Reached XP level 3. HP: 12/29 MP: 0/0
  1599 | D:2      | Learned a level 1 spell: Animate Skeleton
  2488 | D:2      | Reached skill level 1 in Spellcasting
  2643 | D:2      | Reached XP level 4. HP: 13/35 MP: 0/0
  3764 | D:4      | Noticed a black bear
  3816 | D:4      | Found a burning altar of Makhleb.
  3831 | D:4      | Reached XP level 5. HP: 24/40 MP: 0/0
  3831 | D:4      | Learned a level 2 spell: Poisonous Vapours
  3864 | D:4      | Became a worshipper of Makhleb the Destroyer
  3954 | D:4      | Gained mutation: You sometimes lose the ability to read
                  | scrolls when taking damage. [potion of mutation]
  3954 | D:4      | Gained mutation: You are weak. (Str -2) [potion of
                  | mutation]
  3954 | D:4      | Lost mutation: You are weak. (Str -2) [potion of mutation]
  3954 | D:4      | HP: 1/41 [black bear (5)]
  4428 | D:4      | Found a staircase to the Ecumenical Temple.
  4552 | D:4      | Reached XP level 6. HP: 45/47 MP: 0/0
  4657 | D:4      | Killed a black bear
  5047 | D:4      | Found a white marble altar of Elyvilon.
  5111 | D:4      | Found a sacrificial altar of Ru.
  5146 | D:5      | Entered Level 5 of the Dungeon
  5346 | D:5      | Found Keiwkoti's General Store.
  5368 | D:5      | Reached XP level 7. HP: 12/53 MP: 0/0
  5368 | D:5      | Learned a level 3 spell: Confusing Touch
  5699 | D:5      | Noticed Sigmund
  5715 | D:5      | Killed Sigmund
  5716 | D:5      | Reached skill level 5 in Fighting
  5716 | D:5      | Reached skill level 5 in Staves
  5750 | D:5      | Identified the +4 rapier of Kindness {vorpal, rPois}
  6062 | D:5      | Found a runed translucent door.
  6063 | D:5      | Noticed Zeld's ghost (novice OpCj)
  6544 | D:5      | Found a shimmering altar of Xom.
  6593 | D:5      | Found a shadowy altar of Dithmenos.
  6842 | D:6      | Reached XP level 8. HP: 44/61 MP: 0/0
  7329 | D:5      | Slain by a bullfrog

Illustrated notes

Levels and vault maps discovered:
D:1:      dpeg_arrival_more_subterranean_lakeside_camping, layout_basic,
          hex_intersection
D:2:      layout_loops_ring
D:3:      layout_rooms, gup_sewer_entry_glass
D:4:      layout_basic, elyvilon_altar_4, lemuel_doored_altar,
          nicolae_ru_path_of_blood, minmay_temple_entry_gardened_gates
D:5:      layout_layer_cave, kennysheep_mini_moat,
          minmay_overflow_temple_star_quad, gammafunk_ghost_grave, serial_shops,
          shop, uniq_sigmund
D:6:      layout_cave_pools, kennysheep_mini, minmay_misc_feat_nine_boxes,
          uniq_blork_the_orc, uniq_pikel, uniq_maggie, uniq_prince_ribbit1

Skill      XL: |  1  2  3  4  5  6  7  8 |
---------------+-------------------------+-----
Staves         | 3 4 5 6 |  6.0
Fighting       | 3 4 5 6 |  6.1
Spellcasting   | 1 2 3 |  3.1
Throwing       | |  1.5
Dodging        | |  3.2

Action                   |  1- 3 |  4- 6 |  7- 9 || total
-------------------------+-------+-------+-------++-------
Melee: Quarterstaff      |    96 |   116 |    67 ||   279
 Cast: Animate Skeleton  |       |     1 |     4 ||     5
  Use: Scroll            |     4 |     9 |     1 ||    14
       Potion            |     1 |     2 |     5 ||     8
 Stab: Sleeping          |     1 |       |       ||     1
       Invisible         |       |       |     1 ||     1
Armor: Leather armour    |    22 |    29 |    24 ||    75
       Skin              |     9 |       |       ||     9
Dodge: Dodged            |    72 |    76 |    49 ||   197

Table legend: (Time is in decaauts)
 A = Elapsed time spent in this place.
 B = Non-inter-level travel time spent in this place.
 C = Inter-level travel time spent in this place.
 D = Time resting spent in this place.
 E = Time spent auto-exploring this place.
 F = Levels seen in this place.
 G = Mean time per level.
                   A        B        C        D        E       F      G
               +--------+--------+--------+--------+--------+-----+--------+
         Total |   7327 |   7012 |    315 |      0 |   6248 |   6 | 1221.2 |
       Dungeon |   7327 |   7012 |    315 |      0 |   6248 |   6 | 1221.2 |
               +--------+--------+--------+--------+--------+-----+--------+

Top non-repeatable levels by time:
     D:5: 1680 daAuts
     D:2: 1539 daAuts
     D:1: 1452 daAuts
     D:4: 1086 daAuts
     D:3: 1077 daAuts
     D:6: 490 daAuts
